AoeStats
← KarlSheppy5860

Arena

505240176Analyzed
1v1 RM · 24d ago on Sep 8, 2026· 39m 59s· 2 players
Game mode
Random Map
Map size
Tiny (2 player)
Population
200
Speed
Normal
Resources
Standard
Victory
Conquest
Starting age
Dark Age
Ending age
Imperial Age
RankedLock teamsTeams togetherTeam positionsShared explorationLock speedFull tech treeHidden civsTurbo modeCheats
Victory
Defeat
🇬🇧 Aztecs · United Kingdom
422
+19
🇦🇷 Celts · Argentina
499
-19
KarlSheppy5860
14:47 Feudal Age
13:04 Loom
19:34 Padded Archer Armor
19:43 Scale Mail Armor
19:54 Forging
19:36 Fletching
21:22 Double-Bit Axe
21:21 Horse Collar
24:00 Castle Age
22:36 Wheelbarrow
21:47 Town Watch
23:07 Gold Mining
23:08 Stone Mining
24:48 Arson
26:02 Heavy Plow
29:15 Eagle Warrior
34:01 Imperial Age
33:23 Hand Cart
33:24 Bow Saw
33:57 Gold Shaft Mining
33:59 Stone Shaft Mining
37:47 Elite Jaguar Warrior
borgeanito
6:02 Loom
9:40 Feudal Age
10:19 Double-Bit Axe
14:50 Wheelbarrow
15:38 Gold Mining
17:21 Horse Collar
22:28 Castle Age
23:47 Heavy Plow
24:54 Stone Mining
25:54 Bow Saw
26:22 Light Cavalry
31:31 Murder Holes
33:26 Fletching
40:05 Imperial Age
Connection lost

Rejoining the realm…

Still unreachable

The connection could not be restored.

Session expired

The server has moved on; the page needs a fresh start.